[Event "69th RUS-ch Women Higher League 2019"]
[Site "Yaroslavl"]
[Date "2019.07.06"]
[Round "9.24"]
[White "Dzutseva, Lana"]
[Black "Schepetkova, Margarita"]
[Result "1/2-1/2"]
[ECO "A58"]
[WhiteElo "1325"]
[BlackElo "2241"]
[Annotator "NA"]
[PlyCount "96"]
[EventDate "2019.06.27"]
[EventType "swiss"]
[EventCountry "RUS"]
[SourceTitle "playchess.com"]
[Source "ChessBase"]
[SourceQuality "1"]
[TimeControl "40/5400+30:1800+30"]

1. d4 Nf6 2. c4 c5 3. d5 b5 4. cxb5 a6 5. bxa6 g6 6. Nc3 Bg7 7. e4 O-O 8. Bd3 Bxa6 9. Nf3 d6 10. O-O Nbd7 11. Rb1 Qa5 12. Qc2 Ne8 13. a3 Bxd3 14. Qxd3 Rb8 15. Bd2 Ne5 16. Nxe5 Bxe5 17. f4 Bd4+ 18. Be3 Bg7 19. Qc4 Nf6 20. h3 Nd7 21. Kh1 Nb6 22. Qd3 Na4 23. Nxa4 Qxa4 24. Rf2 Rb3 25. Qc2 Rfb8 26. Bc1 Bd4 27. Rf3 c4 28. Bd2 Qa6 29. Rxb3 Rxb3 30. Bb4 Be3 31. g3 Qc8 32. Kg2 Bxf4 33. Bc3 Be5 34. Bxe5 dxe5 35. Rc1 Qa6 36. Qe2 Qb5 37. Rc2 Rd3 38. Rd2 Qb3 39. Qf2 f5 40. exf5 gxf5 41. Re2 e4 42. Qxf5 Rxg3+ 43. Kh2 Rg6 44. Qf2 Qb8+ 45. Kh1 Qe5 46. Qe3 Rg3 47. Qxe4 Rxh3+ 48. Kg1 Qxe4 1/2-1/2